 Dungeon Crawl Stone Soup version 0.21-a0-581-gb7d493ddfc (webtiles) character file.

67503 Banto the Nimble (level 14, -1/121 HPs)
             Began as a Demigod Wanderer on Dec 19, 2017.
             Hit by a stone thrown by an orc warrior (8 damage)
             ... on level 12 of the Dungeon.
             The game lasted 00:59:02 (26487 turns).

Banto the Nimble (Demigod Wanderer)                Turns: 26487, Time: 00:59:03

Health: -1/121     AC: 18    Str: 19    XL:     14   Next: 43%
Magic:  17/34      EV: 17    Int: 29    God:
Gold:   1338       SH:  0    Dex: 17    Spells: 5/23 levels left

rFire    + . .     SeeInvis +   L - +1 dagger "Ogre's Death Toll" {venom, +Rage rF+ SInv}
rCold    . . .     Gourm    .   (no shield)
rNeg     . . .     Faith    .   z - +5 ring mail "Siniwiyj" {*Drain rElec Int+6 Dex+2}
rPois    .         Spirit   .   (no helmet)
rElec    +         Reflect  .   (no cloak)
rCorr    .         Harm     .   c - +2 pair of gloves {Str+3}
MR       .....                  a - +0 pair of boots
Stlth    +++.......             E - amulet of regeneration
HPRegen  0.70/turn              g - ring of magical power
MPRegen  0.24/turn              i - +4 ring of protection

@: vulnerable, very slightly contaminated, heavily drained
A: high mp 1, mutation resistance 1
a: Evoke Berserk Rage


You were on level 12 of the Dungeon.
You were hungry.

You visited 3 branches of the dungeon, and saw 20 of its levels.

You collected 1711 gold pieces.
You spent 373 gold pieces at shops.

Inventory:

Hand Weapons
 L - the +1 dagger "Ogre's Death Toll" (weapon) {venom, +Rage rF+ SInv}
   (You found it on level 4 of the Lair of Beasts)

   It poisons the flesh of those it strikes.
   It protects you from fire.
   It lets you see invisible.
   It lets you go berserk.
Missiles
 y - 2 throwing nets (quivered)
Armour
 a - a +0 pair of boots (worn)
 c - a +2 pair of gloves of strength (worn)
 z - the +5 ring mail "Siniwiyj" (worn) {*Drain rElec Int+6 Dex+2}
   (You found it on level 6 of the Lair of Beasts)

   It affects your intelligence (+6).
   It affects your dexterity (+2).
   It insulates you from electricity.
   It causes draining when unequipped.
Jewellery
 b - an uncursed ring of protection from magic
 g - a ring of magical power (left hand)
 i - a +4 ring of protection (right hand)
 u - an uncursed ring of positive energy
 w - an uncursed ring of protection from cold
 E - an amulet of regeneration (around neck)
 J - an uncursed ring of flight
 K - an uncursed ring of wizardry
Wands
 e - a wand of clouds (11)
 h - a wand of acid (46)
 m - a wand of paralysis (20)
 B - a wand of iceblast (35)
 I - a wand of flame (68)
 M - a wand of polymorph (18)
Scrolls
 k - 9 scrolls of remove curse
 n - 7 scrolls of teleportation
 o - 2 scrolls of enchant weapon
 s - a scroll of enchant armour
 t - 2 scrolls of blinking
 v - 2 scrolls of identify
 F - 4 scrolls of fog
 H - 2 scrolls of magic mapping
 Q - 2 scrolls of amnesia
Potions
 d - 3 potions of heal wounds
 j - 7 potions of brilliance
 l - a potion of invisibility
 p - 4 potions of agility
 q - 2 potions of haste
 r - 3 potions of curing
 A - a potion of berserk rage
 C - 3 potions of lignification
 G - 2 potions of resistance
Books
 x - a book of Conjurations

   Spells                             Type                      Level
   a - Magic Dart                     Conjuration                  1
   b - Searing Ray                    Conjuration                  2
   c - Dazzling Spray                 Conjuration/Hexes            3
   d - Fulminant Prism                Conjuration/Hexes            4
   e - Force Lance                    Conjuration/Translocation    4
   f - Iskenderun's Mystic Blast      Conjuration                  4
Miscellaneous
 N - a phial of floods
Comestibles
 f - 31 rations
 D - 2 chunks of flesh


   Skills:
 - Level 10.0(8.0) Fighting
 - Level 10.0(8.0) Short Blades
   Level 1.7(0.2) Maces & Flails
 - Level 1.0(0.0) Throwing
 - Level 1.0(0.0) Armour
 - Level 12.0(9.9) Dodging
 - Level 9.0(7.1) Stealth
 - Level 5.0(3.3) Spellcasting
 + Level 8.4(6.5) Conjurations
 - Level 6.1(4.3) Hexes
 + Level 8.4(6.6) Fire Magic
 - Level 1.0(0.0) Evocations


You had 5 spell levels left.
You knew the following spells:

 Your Spells              Type           Power        Failure   Level  Hunger
a - Flame Tongue          Conj/Fire      #####        1%          1    None
b - Throw Flame           Conj/Fire      #####.       1%          2    #......
c - Conjure Flame         Conj/Fire      #####...     2%          3    ##.....
d - Sticky Flame          Conj/Fire      #####...     9%          4    ####...
e - Confuse               Hex            ####....     6%          3    ##.....
f - Fireball              Conj/Fire      #####.....   24%         5    ######.


Dungeon Overview and Level Annotations

Branches:
Dungeon (12/15)            Temple (0/1) D:4            Lair (6/6) D:9
 Shoals (0/4) Lair:4       Spider (0/4) Lair:3        Slime (0/5) Lair:5
    Orc (2/2) D:10            Elf (0/3) Orc:2

Shops:
D:7 [(   D:9 *   Orc:2 *?!!

Annotations:
D:8 exclusion: statue
Lair:2 exclusions: 2 killer bees and 2 more exclusions


Innate Abilities, Weirdness & Mutations

You have an increased reservoir of magic. (+10% MP)
You are somewhat resistant to further mutation.


Message History

The mummy closely misses you.
You take 1 damage, and have 4/121 hp.
Okay, then.
You feel much better.
The vampire mage burns!
The vampire mosquito closely misses you.
The phantasmal warrior hits you!
* * * LOW HITPOINT WARNING * * *
The vampire mosquito closely misses you.
The orc misses you. The vampire mage casts a spell at you.
The bolt of negative energy hits you!
You feel drained.
* * * LOW HITPOINT WARNING * * *
The vampire casts a spell.
The vampire flickers and vanishes for a moment.
You regained 2 hp, and now have 6/121 hp.
Blink to where?
Press: ? - help, Dir - move target cursor, p - vampire mage
As you read the scroll of blinking, it crumbles to dust.
The orc warrior throws a stone.
The stone hits you!
You die...

#..#...cV.#....#
##..##..##..oMĀ§#....#
.............Vy#......
.............Wo#y......
...............#.....c.
...............#.......
......$........#
...............#
.......@.......#
...............
....>..........
###########+###


You could see a phantasmal warrior, a vampire (invisible), an orc warrior, a
vampire mosquito, a mummy and an orc.

Vanquished Creatures
  2 orc warlords (Orc:2)
  A stone giant (Orc:2)
  5 hydras
  5 two-headed ogres
  9 death yaks
  4 orc high priests (Orc:2)
  Sonja (Lair:4)
  4 orc knights
  4 orc sorcerers (Orc:2)
  A manticore (D:11)
  An ugly thing (D:11)
  A cyclops (D:11)
  3 elephants
  A black mamba (Lair:3)
  A gargoyle (D:12)
  A torpor snail (Lair:4)
  4 rime drakes
  7 komodo dragons
  23 spiny frogs
  3 trolls
  4 jumping spiders
  29 blink frogs
  A merfolk (Lair:4)
  5 tyrant leeches
  Grinder (D:3)
  A hornet (D:11)
  The ghost of MirrMurr the Slasher, an amateur HaBe of Trog (D:3)
  2 dream sheep (Lair:4)
  8 hippogriffs
  A redback (Lair:2)
  2 vampires
  A wraith (D:10)
  3 wyverns
  32 yaks
  A steam dragon (D:11)
  A hungry ghost (D:8)
  3 basilisks
  7 vampire mosquitoes
  An acid dragon (D:11)
  A warg (Orc:1)
  17 water moccasins
  5 porcupines
  35 orc warriors
  5 ice beasts
  2 black bears
  A hornet zombie (D:10)
  3 sky beasts
  19 ogres
  A phantom (D:5)
  3 centaurs
  7 wolves (Lair:5)
  10 crocodiles
  2 big kobolds
  25 bullfrogs
  2 gnoll sergeants
  A wyvern zombie (D:9)
  5 scorpions
  10 killer bees
  10 wights
  3 electric eels
  3 howler monkeys
  2 bullfrog zombies
  5 crimson imps
  4 jellies
  7 hounds
  A quasit (D:5)
  23 orc priests
  A bullfrog skeleton (D:6)
  A centaur skeleton (D:11)
  5 iguanas
  An iron imp (D:8)
  16 orc wizards
  16 worker ants
  A hound zombie (D:5)
  A worker ant zombie (D:5)
  Robin (D:1)
  8 gnolls
  14 adders
  3 oozes
  An adder zombie (D:7)
  2 adder skeletons
  A worm (D:3)
  A dart slug (D:3)
  5 leopard geckos
  94 orcs
  11 bats
  2 giant cockroaches
  10 goblins
  15 hobgoblins
  10 jackals
  A ball python (D:4)
  A ball python zombie (D:5)
  2 frilled lizards (D:2)
  19 kobolds
  A quokka zombie (D:5)
  5 rats
  A fungus (Lair:2)
647 creatures vanquished.

Vanquished Creatures (collateral kills)
  A dream sheep (Lair:4)
1 creature vanquished.

Vanquished Creatures (others)
  A bush (Lair:6)
  42 fungi
  55 plants
98 creatures vanquished.

Grand Total: 746 creatures vanquished

Notes
Turn   | Place    | Note
-------+----------+-------------------------------------------
     0 | D:1      | Banto the Demigod Wanderer began the quest for the Orb.
     0 | D:1      | Banto set off with: a book of Flames, a +0 hand axe, 11 poisoned needles, a +0 blowgun, a +0 robe, a ration
     0 | D:1      | Reached XP level 1. HP: 17/17 MP: 3/3
   224 | D:1      | Reached skill level 1 in Spellcasting
   534 | D:1      | Learned a level 1 spell: Flame Tongue
   636 | D:1      | Reached XP level 2. HP: 10/24 MP: 6/6
  1103 | D:2      | Reached XP level 3. HP: 18/29 MP: 8/8
  1105 | D:2      | Noticed Robin
  1123 | D:1      | Killed Robin
  1465 | D:2      | Found a stormy altar of Qazlal.
  1518 | D:2      | Reached XP level 4. HP: 30/36 MP: 10/10
  1975 | D:2      | Found an iron altar of Okawaru.
  2162 | D:3      | Learned a level 2 spell: Throw Flame
  2166 | D:3      | Learned a level 3 spell: Conjure Flame
  2175 | D:3      | Found a glowing silver altar of Zin.
  2265 | D:3      | Reached XP level 5. HP: 41/41 MP: 12/12
  2312 | D:3      | Noticed MirrMurr's ghost (amateur HaBe)
  2327 | D:3      | Killed MirrMurr's ghost
  2327 | D:3      | Reached XP level 6. HP: 18/48 MP: 8/13
  2604 | D:3      | Reached skill level 5 in Fire Magic
  2616 | D:3      | Noticed Grinder
  2637 | D:3      | Killed Grinder
  3281 | D:4      | Reached XP level 7. HP: 44/53 MP: 12/14
  3648 | D:4      | Learned a level 4 spell: Sticky Flame
  3841 | D:4      | Found a staircase to the Ecumenical Temple.
  3947 | D:4      | Reached skill level 1 in Conjurations
  4114 | D:4      | Found an iron altar of Okawaru.
  4168 | D:4      | Found a burning altar of Makhleb.
  4378 | D:5      | Entered Level 5 of the Dungeon
  5073 | D:5      | Reached XP level 8. HP: 53/61 MP: 15/15
  5372 | D:5      | Found a sparkling altar of Nemelex Xobeh.
  6154 | D:6      | Found a shattered altar of Ashenzari.
  6175 | D:6      | Reached skill level 5 in Conjurations
  6444 | D:6      | Found a sacrificial altar of Ru.
  6711 | D:6      | Found an ancient bone altar of Kikubaaqudgha.
  6721 | D:6      | Found a hide-covered altar of Uskayaw.
  6817 | D:7      | Found Nuweivve's Weapon Boutique.
  6913 | D:7      | HP: 1/61 [killer bee (5)]
  7087 | D:6      | Learned a level 3 spell: Confuse
  7119 | D:7      | Reached XP level 9. HP: 61/67 MP: 8/16
  7345 | D:7      | Found a burning altar of Makhleb.
  7593 | D:7      | Found a shadowy altar of Dithmenos.
  7627 | D:7      | Noticed an Executioner
  7649 | D:7      | Found Wuipseut's Armour Shoppe.
  7914 | D:8      | Found an ornate altar of the Wu Jian Council.
  8019 | D:8      | Found a radiant altar of Vehumet.
  8032 | D:8      | Found a snail-covered altar of Cheibriados.
  8107 | D:8      | Reached skill level 1 in Stealth
  8462 | D:8      | Noticed a two-headed ogre
  8477 | D:8      | Killed a two-headed ogre
  8484 | D:8      | Found a shimmering altar of Xom.
  8488 | D:8      | Found a hazy altar of Hepliaklqana.
  8815 | D:9      | Noticed a two-headed ogre
  8833 | D:9      | Killed a two-headed ogre
  8833 | D:9      | Reached skill level 5 in Stealth
  8833 | D:9      | Reached skill level 5 in Hexes
  8833 | D:9      | Reached XP level 10. HP: 73/73 MP: 1/17
  9356 | D:9      | Found a glowing golden altar of the Shining One.
  9498 | D:9      | Found Xites's Changing Room.
  9554 | D:9      | Found a sparkling altar of Nemelex Xobeh.
  9640 | D:9      | Found a staircase to the Lair.
  9904 | D:10     | Entered Level 10 of the Dungeon
  9906 | D:10     | Found a sacrificial altar of Ru.
 11278 | D:10     | Reached skill level 5 in Spellcasting
 11328 | D:10     | Found a staircase to the Orcish Mines.
 11353 | D:10     | Found a roughly hewn altar of Beogh.
 11428 | D:10     | Reached skill level 1 in Short Blades
 11760 | Lair:1   | Entered Level 1 of the Lair of Beasts
 11910 | Lair:1   | Reached XP level 11. HP: 59/79 MP: 19/22
 11970 | Lair:1   | Learned a level 5 spell: Fireball
 12867 | Lair:2   | Reached skill level 5 in Short Blades
 14281 | Lair:3   | Found a hole to the Spider Nest.
 14641 | Lair:4   | Noticed a death yak
 14641 | Lair:4   | Noticed a death yak
 14642 | Lair:4   | Killed a death yak
 14643 | Lair:4   | Noticed a death yak
 14645 | Lair:4   | Killed a death yak
 14651 | Lair:4   | Killed a death yak
 14830 | Lair:4   | Reached XP level 12. HP: 50/85 MP: 14/23
 14899 | Lair:4   | Noticed Sonja
 14927 | Lair:4   | Killed Sonja
 14927 | Lair:4   | Reached skill level 10 in Short Blades
 14956 | Lair:4   | Noticed a four-headed hydra
 14979 | Lair:4   | Killed a four-headed hydra
 14979 | Lair:4   | Reached skill level 2 in Dodging
 15044 | Lair:4   | Found the +10 zealot's sword {holy, *Rage rN+ EV+3}
 15079 | Lair:4   | Reached skill level 3 in Dodging
 15165 | Lair:4   | Found a staircase to the Shoals.
 15246 | Lair:4   | Reached skill level 4 in Dodging
 15618 | Lair:4   | Got an ancient dagger
 15619 | Lair:4   | Identified the cursed +1 dagger "Ogre's Death Toll" {venom, +Rage rF+ SInv} (You found it on level 4 of the Lair of Beasts)
 15948 | Lair:5   | Reached skill level 5 in Dodging
 16282 | Lair:5   | Reached skill level 6 in Dodging
 16399 | Lair:5   | Gained mutation: You have a pair of small horns on your head. [potion of mutation]
 16399 | Lair:5   | Gained mutation: You are resistant to hostile enchantments. (MR+) [potion of mutation]
 16399 | Lair:5   | Gained mutation: You are somewhat resistant to further mutation. [potion of mutation]
 16482 | Lair:6   | Entered Level 6 of the Lair of Beasts
 16592 | Lair:5   | Reached skill level 7 in Dodging
 17290 | Lair:5   | Reached skill level 8 in Dodging
 17378 | Lair:5   | Found a staircase to the Slime Pits.
 18288 | Lair:6   | Reached skill level 9 in Dodging
 18666 | Lair:6   | Reached XP level 13. HP: 65/91 MP: 24/24
 19093 | Lair:5   | HP: 2/91 [komodo dragon (28)]
 19364 | Lair:6   | Reached skill level 10 in Dodging
 19693 | Lair:5   | Reached skill level 11 in Dodging
 20315 | Lair:6   | Got a transparent robe
 20317 | Lair:6   | Got a steaming ring mail
 20435 | Lair:6   | Reached skill level 12 in Dodging
 20661 | Lair:6   | Identified the +1 robe "Raifapla" {rF+ rC+ Str-5} (You found it on level 6 of the Lair of Beasts)
 20671 | Lair:6   | Identified the +5 ring mail "Siniwiyj" {*Drain rElec Int+6 Dex+2} (You found it on level 6 of the Lair of Beasts)
 21595 | Lair:6   | Reached skill level 5 in Fighting
 21957 | Orc:1    | Entered Level 1 of the Orcish Mines
 22594 | Orc:2    | Entered Level 2 of the Orcish Mines
 23195 | Orc:2    | Found a staircase to the Elven Halls.
 23493 | Orc:2    | Reached XP level 14. HP: 113/113 MP: 24/25
 24072 | Orc:2    | Found Melick's Distillery.
 24083 | Orc:2    | Bought a potion of heal wounds for 60 gold pieces
 24083 | Orc:2    | Bought a potion of heal wounds for 60 gold pieces
 24083 | Orc:2    | Bought a potion of mutation for 96 gold pieces
 24083 | Orc:2    | Bought a potion of heal wounds for 60 gold pieces
 24230 | Orc:2    | Found Unliejer's Distillery.
 24333 | Orc:2    | Noticed an orc warlord
 24364 | Orc:2    | Killed an orc warlord
 24487 | Orc:2    | Found a roughly hewn altar of Beogh.
 24645 | Orc:2    | Noticed an orc warlord
 24655 | Orc:2    | Killed an orc warlord
 25045 | Orc:2    | Found a roughly hewn altar of Beogh.
 25077 | Orc:2    | Found Qyptio's Magic Scroll Emporium.
 25100 | Orc:2    | Bought a scroll of identify for 26 gold pieces
 25100 | Orc:2    | Bought a scroll of identify for 26 gold pieces
 25100 | Orc:2    | Bought a scroll of amnesia for 45 gold pieces
 25100 | Orc:2    | Identified a scroll of acquirement
 25251 | Orc:2    | Found Vuryut's General Store.
 25321 | Orc:2    | Lost mutation: You are resistant to hostile enchantments. (MR+) [potion of mutation]
 25321 | Orc:2    | Lost mutation: You have a pair of small horns on your head. [potion of mutation]
 25338 | Orc:2    | Reached skill level 10 in Fighting
 26484 | D:12     | HP: 5/121 [vampire[a vampire mage] (10)]
 26487 | D:12     | Hit by a stone thrown by an orc warrior

Vault maps used:
D:1:      co_arrival_square_in_a_square_in_a_square
D:2:      grunt_qazlal_sundering, grunt_ministairs_2, minmay_tree_intersection,
          okawaru_altar_gauntlet_db, uniq_robin
D:3:      zin_scriptorium, uniq_grinder
D:4:      kennysheep_mini, overflow_temple_1_default, minmay_temple_entry_mist,
          first_ration
D:5:      corner_web_ring, nemelex_diamond_rough_becter
D:6:      old_standard_altar, overflow_temple_1_default, lemuel_crystal_altar,
          nicolae_overflow_hidden_temple
D:7:      lemuel_doored_altar, serial_shops, shop, nicolae_shop_stone,
          grunt_ogre_cave, makhleb_altar_promises_db
D:8:      overflow_temple_1_default, slow_altar_1, overflow_temple_1_default,
          kennysheep_little_box, vehumet_statue
D:9:      nemelex_xobeh_ov_fountains_minmay, marbit_many_paths,
          lair_entry_dummy, nicolae_transmutations_shop
D:10:     minmay_orc_entry_temple_small, nicolae_ru_awakened_eye
D:12:     minmay_guarded_unrand_prune, uniq_azrael
Lair:1:   lemuel_fruit_tree
Lair:2:   special_room, lemuel_old_faithful
Lair:3:   spider_nest_entry_funnel_web, lab_entry_generic, ldierk_geyser,
          beast_lair_carwin_11
Lair:4:   elwin_shoals_entry_rooms, uniq_sonja
Lair:5:   slime_dummy, cheibrodos_lair_reptile_den, grunt_megastairs_4
Lair:6:   minmay_lair_end_frog_pond
Orc:1:    cheibrodos_orc_bank
Orc:2:    pubby_orc_utopia

Skill      XL: |  1  2  3  4  5  6  7  8  9 10 11 12 13 14 |
---------------+-------------------------------------------+-----
Spellcasting   | 1 2 3 5 |  5.0
Fire Magic     | 2 3 4 6 7 8 |  8.4
Conjurations   | 3 7 8 |  8.4
Stealth        | 5 8 9 |  9.0
Hexes          | 5 6 |  6.1
Short Blades   | 2 9 10 | 10.0
Dodging        | 9 12 | 12.0
Fighting       | 7 10 | 10.0
Maces & Flails | |  1.7
Throwing       | |  1.0
Armour         | |  1.0
Evocations     | |  1.0

Action                   |  1- 3 |  4- 6 |  7- 9 | 10-12 | 13-15 || total
-------------------------+-------+-------+-------+-------+-------++-------
Melee: Hand axe          |    36 |       |       |       |       ||    36
       Dagger            |    51 |    21 |   210 |   345 |   772 ||  1399
       Headbutt          |       |       |       |    25 |   163 ||   188
Throw: Throwing net      |       |       |     4 |       |       ||     4
 Cast: Flame Tongue      |    35 |    73 |   160 |   336 |    80 ||   684
       Conjure Flame     |       |     1 |     6 |    16 |    15 ||    38
       Throw Flame       |       |     5 |    28 |    65 |   229 ||   327
       Sticky Flame      |       |       |    41 |   162 |   128 ||   331
       Confuse           |       |       |    15 |     4 |    13 ||    32
       Fireball          |       |       |       |     1 |     4 ||     5
  Use: Scroll            |       |       |    15 |    15 |     8 ||    38
       Potion            |       |       |     4 |     1 |     5 ||    10
 Stab: Sleeping          |     2 |     2 |     2 |    11 |    12 ||    29
       Confused          |       |       |     3 |     1 |     5 ||     9
       Distracted        |       |       |       |       |     2 ||     2
  Eat: Chunk             |     3 |     6 |    25 |    48 |    41 ||   123
       Ration            |       |       |     1 |     3 |       ||     4
Armor: Robe              |    26 |    15 |   102 |   149 |    34 ||   326
       Ring mail         |       |       |       |       |   166 ||   166
Dodge: Dodged            |    64 |    36 |   180 |   380 |   684 ||  1344

Table legend:
 A = Spawn XP
 B = Non-spawn XP
 C = Spawn XP percentage of total XP
 D = Spawn monster count
 E = Non-spawn monster count
 F = Spawn count percentage of total count
 G = Total turns spent on level
                    A         B        C        D         E        F      G
               +---------+---------+-------+---------+---------+-------+---------
         Total |       0 |   96434 |   0.0 |       0 |     647 |   0.0 | 26487
               +---------+---------+-------+---------+---------+-------+---------
           D:1 |       0 |      46 |   0.0 |       0 |      16 |   0.0 |  1046
           D:2 |       0 |     181 |   0.0 |       0 |      36 |   0.0 |  1112
           D:3 |       0 |     618 |   0.0 |       0 |      15 |   0.0 |  1042
           D:4 |       0 |     492 |   0.0 |       0 |      20 |   0.0 |  1395
           D:5 |       0 |     848 |   0.0 |       0 |      32 |   0.0 |  1424
           D:6 |       0 |     775 |   0.0 |       0 |       9 |   0.0 |   776
           D:7 |       0 |     675 |   0.0 |       0 |      13 |   0.0 |  1105
           D:8 |       0 |    2218 |   0.0 |       0 |      14 |   0.0 |   854
           D:9 |       0 |    2482 |   0.0 |       0 |      26 |   0.0 |  1363
          D:10 |       0 |    3757 |   0.0 |       0 |      49 |   0.0 |  1719
          D:11 |       0 |    4087 |   0.0 |       0 |      36 |   0.0 |   865
          D:12 |       0 |     892 |   0.0 |       0 |       6 |   0.0 |   178
        Lair:1 |       0 |    3068 |   0.0 |       0 |      16 |   0.0 |   920
        Lair:2 |       0 |    3414 |   0.0 |       0 |      14 |   0.0 |  1058
        Lair:3 |       0 |    3062 |   0.0 |       0 |      12 |   0.0 |   947
        Lair:4 |       0 |   10735 |   0.0 |       0 |      35 |   0.0 |  1632
        Lair:5 |       0 |   14009 |   0.0 |       0 |      61 |   0.0 |  2975
        Lair:6 |       0 |   22182 |   0.0 |       0 |      68 |   0.0 |  2617
         Orc:1 |       0 |    1621 |   0.0 |       0 |      30 |   0.0 |   646
         Orc:2 |       0 |   21272 |   0.0 |       0 |     139 |   0.0 |  2813
               +---------+---------+-------+---------+---------+-------+---------

Table legend:
 A = Turns spent in this place as a percentage of turns spent in the entire game.
 B = Non-inter-level travel turns spent in this place as a percentage of non-inter-level travel turns spent in the entire game.
 C = Inter-level travel turns spent in this place as a percentage of turns spent in this place.
 D = Turns resting spent in this place as a percentage of non-inter-level travel turns spent in this place.
 E = Turns spent auto-exploring this place as a percentage of non-inter-level travel turns spent in this place.
 F = Non-inter-level travel turns spent in this place divided by the number of levels of this place that you've seen.
                   A       B       C       D       E      F
               +-------+-------+-------+-------+-------+----------------------
         Total | 100.0 | 100.0 |   3.9 |  32.4 |  39.8 | 1273.2
       Dungeon |  48.6 |  48.9 |   3.4 |  27.5 |  47.7 | 1037.2
          Lair |  38.3 |  38.1 |   4.5 |  41.0 |  32.2 | 1615.3
  Orcish Mines |  13.1 |  13.1 |   3.8 |  26.0 |  32.2 | 1663.5
               +-------+-------+-------+-------+-------+----------------------

Table legend:
 A = Kills in this place as a percentage of kills in entire the game.
 B = Kills by you in this place as a percentage of kills by you in the entire game.
 C = Kills by friends in this place as a percentage of kills by friends in the entire game.
 D = Other kills in this place as a percentage of other kills in the entire game.
 E = Experience gained in this place as a percentage of experience gained in the entire game.
 F = Experience gained in this place divided by the number of levels of this place that you have seen.
                   A       B       C       D       E      F
               +-------+-------+-------+-------+-------+----------------------
         Total | 100.0 | 100.0 | 100.0 | 100.0 | 100.0 | 4821.7
       Dungeon |  42.0 |  42.2 |   0.0 |   0.0 |  17.7 | 1422.6
          Lair |  31.8 |  31.6 | 100.0 | 100.0 |  58.6 | 9411.7
  Orcish Mines |  26.1 |  26.2 |   0.0 |   0.0 |  23.7 | 11446.5
               +-------+-------+-------+-------+-------+----------------------
